 Dungeon Crawl Stone Soup version 0.13-a0-2202-g857913d (webtiles) character file.

310 M4edhros the Sneak (level 5, -3/35 HPs)
             Began as an Octopode Death Knight on July 2, 2013.
             Was a Believer of Yredelemnul.
             Slain by a hound (5 damage)
             ... on Level 4 of the Dungeon.
             The game lasted 00:03:45 (2254 turns).

M4edhros the Sneak (Octopode Death Knight)          Turns: 2254, Time: 00:03:45

HP  -3/35        AC  1     Str 13      XL: 5   Next: 79%
MP   8/8         EV 12     Int 14      God: Yredelemnul [**....]
Gold 110         SH  0     Dex 11      Spells:  0 memorised,  4 levels left

Res.Fire  : . . .   See Invis. : .   o - +0 sabre
Res.Cold  : . . .   Warding    : .   (no shield)
Life Prot.: . . .   Conserve   : .   (helmet restricted)
Res.Poison: .       Res.Corr.  : .   (no amulet)
Res.Elec. : .       Clarity    : .   (no ring)
Sust.Abil.: . .     Spirit.Shd : .   (no ring)
Res.Mut.  : .       Stasis     : .   (no ring)
Res.Rott. : .       Flight     : .   (no ring)
Saprovore : . . .                    (no ring)
                                     (no ring)
                                     (no ring)
                                     (no ring)

@: slightly resistant to hostile enchantments, very stealthy
A: almost no armour, amphibious, 8 rings, constrict 8, camouflage 1, AC +1
a: Animate Remains, Recall Undead Slaves, Injury Mirror, Renounce Religion


You were on level 4 of the Dungeon.
You worshipped Yredelemnul.
Yredelemnul was greatly pleased with you.
You were not hungry.

You visited 1 branch of the dungeon, and saw 4 of its levels.

You collected 90 gold pieces.

Inventory:

Hand weapons
 a - a +1,+1 spear {=f}
 b - a +0,+0 dagger of venom (quivered)
 o - a +0,+0 sabre (weapon)
 u - a +0,+0 elven spear
Magical devices
 l - a wand of teleportation (1)
Comestibles
 c - 2 bread rations
 w - 18 grapes
Scrolls
 d - 2 scrolls of enchant weapon I {unknown}
 e - a scroll of curse jewellery {unknown}
 g - 2 scrolls of remove curse {unknown}
 h - a scroll of blinking {unknown}
 i - a scroll of teleportation {unknown}
 j - a scroll of curse weapon {unknown}
 k - a scroll of noise {unknown}
 p - a scroll of fog {unknown}
 r - a scroll of identify {unknown}
Jewellery
 f - an uncursed ring of ice {unknown}
Potions
 m - a potion of curing
 n - a potion of invisibility {unknown}
 q - 2 potions of heal wounds {unknown}
 s - a potion of paralysis {unknown}
 t - a potion of magic {unknown}


   Skills:
 - Level 2.2 Fighting
 + Level 2.4 Short Blades
 - Level 2.0 Polearms
 - Level 1.8 Dodging
 * Level 5.9 Stealth
 - Level 3.2 Invocations


You had 4 spell levels left.
You didn't know any spells.

Dungeon Overview and Level Annotations

Branches:
Dungeon (4/27)
 Temple: D:4-7

Altars:
Elyvilon
Fedhas
Nemelex Xobeh
Sif Muna
Xom


Innate Abilities, Weirdness & Mutations

You cannot wear most types of armour.
You are amphibious.
You can wear up to eight rings at the same time.
You can use your tentacles to constrict many enemies at once.
Your skin changes colour to match your surroundings (Stlth).
Your rubbery body absorbs attacks (AC +1).


Message History

The hound is heavily wounded.
The hound bites you.
There are monsters nearby!
You hit the hound. Your grab misses the hound.
The hound is severely wounded.
The hound closely misses you. The hound bites you.
* * * LOW HITPOINT WARNING * * *
There are monsters nearby!
You are too injured to fight recklessly!
There are monsters nearby!
You are too injured to fight recklessly!
You are too injured to fight recklessly!
You barely miss the hound. Your grab misses the hound.
Your squeeze misses the hound.
The hound is severely wounded.
The hound bites you.
* * * LOW HITPOINT WARNING * * *
The kobold closely misses you. The hound bites you.
You die...
Your body rises from the dead as a mindless zombie.

.#.###...#.........#
.........#.......#.#
.###.##....#.###...#.#
#...........#.# #...#.#
+......#....#.###...#.#
#.....................
#...#+#'####.#.......#
#.......%..#.#.##...##
###.h@.....#.#.##...#
#.K......#.#.#......
............#.#.# .....
......###+####.#.# ##.#
...... #.#.. . .....
..### ... ..# ##


You could see a hound and a kobold.

Vanquished Creatures
  A hound (D:4)
  A worker ant (D:4)
  Terence (D:3)
  5 adders
  A giant mite (D:4)
  2 worms
  3 giant geckos
  An orc (D:3)
  A ball python (D:1)
  4 giant cockroaches (D:1)
  7 goblins
  11 hobgoblins
  4 jackals (D:1)
  2 quokkas (D:3)
  6 bats
  4 giant newts
  11 kobolds
  4 rats
69 creatures vanquished.

Notes
Turn   | Place    | Note
--------------------------------------------------------------
     0 | D:1      | M4edhros, the Octopode Death Knight, began the quest for the Orb.
     0 | D:1      | Reached XP level 1. HP: 14/14 MP: 2/2
    67 | D:1      | Reached XP level 2. HP: 6/19 MP: 4/4
   313 | D:1      | Reached skill level 1 in Stealth
   443 | D:1      | Reached XP level 3. HP: 22/24 MP: 5/5
   517 | D:1      | Acquired Yredelemnul's second power
   897 | D:2      | Reached skill level 1 in Short Blades
   897 | D:2      | Reached XP level 4. HP: 28/30 MP: 7/7
   973 | D:2      | Reached skill level 4 in Stealth
  1035 | D:2      | Found a sparkling altar of Nemelex Xobeh.
  1570 | D:3      | Noticed Terence
  1580 | D:3      | Killed Terence
  1580 | D:3      | Reached XP level 5. HP: 35/35 MP: 8/8
  1768 | D:3      | Reached skill level 5 in Stealth
  1793 | D:3      | Found a shimmering altar of Xom.
  1794 | D:3      | Found a blossoming altar of Fedhas.
  1796 | D:3      | Found a white marble altar of Elyvilon.
  1942 | D:4      | Noticed an ogre
  2066 | D:4      | Found a deep blue altar of Sif Muna.
  2254 | D:4      | Slain by a hound

Action                   |  1- 3 |  4- 6 || total
-------------------------+-------+-------++-------
Melee: Spear             |    16 |       ||    16
       Dagger            |    58 |    64 ||   122
       Sabre             |       |    12 ||    12
Evoke: Wand              |       |     3 ||     3
  Use: Potion            |       |     2 ||     2
 Stab: Sleeping          |     5 |     7 ||    12
